 Dungeon Crawl Stone Soup version 0.31-a0-331-geda263fcf1 (webtiles) character file.

Game seed: 8772689536957491319

683 Newt the Ducker (level 7, -7/56 HPs)
             Began as a Barachi Fighter on July 19, 2023.
             Mangled by an ogre
             ... wielding a +0 giant club
              (28 damage)
             ... on level 4 of the Dungeon.
             The game lasted 00:03:40 (3114 turns).

Newt the Ducker (Barachi Fighter)                   Turns: 3114, Time: 00:03:41

Health: -7/56      AC:  7    Str: 20    XL:     7   Next: 61%
Magic:  7/7        EV: 12    Int:  8    God:
Gold:   43         SH:  4    Dex: 11    Spells: 6/6 levels left

rFire   . . .        a - +0 long sword
rCold   . . .        c - +0 buckler
rNeg    . . .        f - +1 ring mail {rPois}
rPois   +            (no helmet)
rElec   .            (no cloak)
rCorr   +            (no gloves)
SInv    .            (no boots)
Will    .....        k - amulet of regeneration
Stlth   +            e - ring of resist corrosion
HPRegen 1.09/turn    (no ring)
MPRegen 0.10/turn

%: no passive effects
@: slow
A: amphibious, slowness 1, strong legs 1, +LOS
a: Hop


You were on level 4 of the Dungeon.
You visited 1 branch of the dungeon, and saw 4 of its levels.

You collected 155 gold pieces.
You spent 112 gold pieces at shops.

Inventory:

Hand Weapons
 a - a +0 long sword (weapon)
Armour
 b - a +0 scale mail
 c - a +0 buckler (worn)
 f - a +1 ring mail of poison resistance (worn)
Jewellery
 e - a ring of resist corrosion (left hand)
 k - an amulet of regeneration (around neck)
 q - a ring of magical power
Wands
 p - a wand of flame (19)
Scrolls
 h - 2 scrolls of noise
 j - a scroll of immolation
 l - a scroll of identify
 n - a scroll of poison
Potions
 d - a potion of cancellation
 g - a potion of curing
 i - a potion of lignification
 m - a potion of heal wounds
 o - a potion of haste


   Skills:
 - Level 5.0 Fighting
 + Level 4.4 Long Blades
 - Level 6.0 Armour
 - Level 6.0 Dodging
 - Level 3.2 Shields


You had 6 spell levels left.
You didn't know any spells.
Your spell library contained the following spells:

 Spells                   Type           Power      Damage    Failure   Level
 Dazzling Flash           Conj/Hex       0%         N/A       95%         3
 Ignite Poison            Fire/Tmut/Pois 0%         N/A       95%         3
 Portal Projectile        Hex/Tloc       0%         N/A       95%         3
 Tukima's Dance           Hex            0%         N/A       95%         3
 Volatile Blastmotes      Fire/Tloc      0%         2d10      95%         3
 Iskenderun's Mystic Bla  Conj/Tloc      0%         2d3       100%        4
 Sticky Flame             Conj/Fire      0%         2d3       100%        4
 Starburst                Conj/Fire      0%         6d3       100%        6
 Ignition                 Fire           0%         3d3       100%        8
 Maxwell's Capacitive Co  Air            0%         ∞         100%        8


Dungeon Overview and Level Annotations

Branches:
Dungeon (4/15)
 Temple: D:4-7

Altars:

Shops:
D:1 ?


Innate Abilities, Weirdness & Mutations

You are amphibious.
You cover ground slowly.
You can hop short distances.
You have an extended range of vision and can be seen from far away.


Message History

No target in view!
p - a wand of flame (19)
Items here: )) [[ ††.
q - a ring of magical power You see here a +0 club.
You enter the deep water.
You enter the deep water.
A ball python comes into view.
The ball python hisses angrily.
You see here 2 clear potions.
A ball python is nearby!
Found 18 gold pieces.
An ogre comes into view. It is wielding a +0 giant club.
Found a stone staircase leading up.
The ogre shouts!
You hear a shout!
An orc comes into view. It is wielding a +0 trident.
You closely miss the ball python. The ball python barely misses you.
The ball python completely misses you.
You slash the ball python!
You kill the ball python!
Unknown command.
You hit the ogre.
The ogre is moderately wounded.
The ogre hits you with a +0 giant club!!
The orc hits you from afar with a +0 trident!
The orc closely misses you. The ogre attacks as you move away!
The ogre hits you with a +0 giant club.
Found a club.
A gnoll comes into view. It is wielding a +0 flail.
The gnoll moves out of view.
The ogre attacks as you move away! The ogre barely misses you.
You hit the ogre.
The ogre is moderately wounded.
The ogre hits you with a +0 giant club!
The orc hits you from afar with a +0 trident.
You hit the ogre.
The ogre is heavily wounded.
The ogre hits you with a +0 giant club!!
Ouch! That really hurt!
You die...

...........#~≈# #.....
...........~≈.#####......
......>.≈..≈..#..........
.......≈................
#...#..≈≈##~≈≈..o..#
#####....≈#.≈...#####
...)..)#.≈≈.≈!#$o#
#.).......≈≈.###O#
..#.....###~## #@#
##..##...##.# #g#
##.#####>#..# #.. )..#
...## ##.# .### #.## .#
## #.. )# #### .# .# ..


You could see an ogre, a gnoll and an orc.

Vanquished Creatures
  Grinder (D:3)
  Sigmund (D:2)
  A scorpion (D:4)
  A howler monkey (D:4)
  A hound (D:4)
  Robin (D:4)
  A gnoll (D:2)
  8 adders
  A worm (D:2)
  4 dart slugs
  7 ball pythons
  6 bats
  6 endoplasms
  6 giant cockroaches
  13 goblins
  7 hobgoblins
  3 jackals (D:3)
  6 kobolds
  2 quokkas
  3 frilled lizards
  4 rats
83 creatures vanquished.

Notes
Turn   | Place    | Note
-------+----------+-------------------------------------------
     0 | D:1      | Newt the Barachi Fighter began the quest for the Orb.
     0 | D:1      | Reached XP level 1. HP: 18/18 MP: 1/1
   147 | D:1      | Reached XP level 2. HP: 25/25 MP: 2/2
   451 | D:1      | Reached XP level 3. HP: 32/32 MP: 3/3
   451 | D:1      | Found Teonosk's Magic Scroll Shoppe.
   459 | D:1      | Bought a scroll of identify for 28 gold pieces
   478 | D:1      | Reached skill level 5 in Fighting
  1252 | D:2      | Reached XP level 4. HP: 14/39 MP: 4/4
  1472 | D:2      | Noticed Sigmund
  1489 | D:2      | Killed Sigmund
  1490 | D:2      | Reached XP level 5. HP: 19/44 MP: 5/5
  1490 | D:2      | Reached XP level 6. HP: 23/51 MP: 6/6
  1983 | D:3      | Noticed Grinder
  1998 | D:3      | Paralysed by Grinder for 4 turns
  2011 | D:3      | Killed Grinder
  2012 | D:3      | Reached XP level 7. HP: 7/56 MP: 7/7
  2741 | D:1      | Bought a scroll of identify for 28 gold pieces
  2741 | D:1      | Bought a scroll of identify for 28 gold pieces
  2741 | D:1      | Bought a scroll of identify for 28 gold pieces
  2816 | D:4      | Reached skill level 5 in Armour
  2922 | D:4      | Noticed Robin
  2970 | D:4      | Killed Robin
  3114 | D:4      | Mangled by an ogre

Illustrated notes

Levels and vault maps discovered:
D:1:      dpeg_arrival_long_road, layout_basic, serial_shops, shop_scrolls
D:2:      layout_loops_ring, minmay_misc_feat_diagonals, minmay_tetromino_i4,
          uniq_sigmund
D:3:      layout_loops_ring, st_stairs_3, uniq_grinder
D:4:      layout_rooms, beargit_hepliaklqana_dungeon_heroes, minitemple,
          minmay_temple_entry_overgrown, chequers_serial_rivers_small_b,
          minivault_14, hangedman_abyss_or_decor_passed, uniq_robin

Skill      XL: |  1  2  3  4  5  6  7 |
---------------+----------------------+-----
Fighting       | 4 5 |  5.0
Long Blades    | 3 4 |  4.4
Dodging        | 4 6 |  6.0
Armour         | 4 6 |  6.0
Shields        | |  3.2

Action                     |  1- 3 |  4- 6 |  7- 9 || total
---------------------------+-------+-------+-------++-------
  Melee: Long sword        |   121 |    50 |   132 ||   303
  Evoke: Wand              |       |     3 |       ||     3
    Use: Scroll            |     3 |     1 |     5 ||     9
         Potion            |       |     3 |       ||     3
 Armour: Scale mail        |    22 |       |       ||    22
         Ring mail         |    24 |    22 |    69 ||   115
  Dodge: Dodged            |    52 |    28 |   110 ||   190
  Block: Buckler           |    21 |    14 |    42 ||    77

Table legend: (Time is in decaauts)
 A = Elapsed time spent in this place.
 B = Non-inter-level travel time spent in this place.
 C = Inter-level travel time spent in this place.
 D = Time resting spent in this place.
 E = Time spent auto-exploring this place.
 F = Levels seen in this place.
 G = Mean time per level.
                   A        B        C        D        E       F      G
               +--------+--------+--------+--------+--------+-----+--------+
         Total |   3574 |   3382 |    192 |    411 |   2317 |   4 |  893.5 |
       Dungeon |   3574 |   3382 |    192 |    411 |   2317 |   4 |  893.5 |
               +--------+--------+--------+--------+--------+-----+--------+

Top non-repeatable levels by time:
     D:2: 1334 daAuts
     D:3: 1028 daAuts
     D:1: 858 daAuts
     D:4: 353 daAuts
